 Dungeon Crawl Stone Soup version 0.31-a0-631-g285b096dc4 (webtiles) character file.

Game seed: 3013352999939228682

123 Cummy the Shield-Bearer (level 4, -3/44 HPs)
             Began as a Troll Fighter on Aug 25, 2023.
             Slain by a scorpion (5 damage)
             ... on level 3 of the Dungeon.
             The game lasted 00:07:37 (2091 turns).

Cummy the Shield-Bearer (Troll Fighter)             Turns: 2091, Time: 00:07:37

Health: -3/44      AC:  4    Str: 26    XL:     4   Next: 80%
Magic:  3/3        EV:  9    Int:  4    God:
Gold:   113        SH:  8    Dex:  9    Spells: 3/3 levels left

rFire   . . .        n - +2 dagger (holy)
rCold   . . .        b - +0 kite shield
rNeg    . . .        a - +0 robe
rPois   .            (helmet restricted)
rElec   .            (no cloak)
rCorr   .            (gloves unavailable)
SInv    .            (boots unavailable)
Will    .....        (no amulet)
Stlth   +            (no ring)
HPRegen 1.07/turn    (no ring)
MPRegen 0.08/turn

%: no passive effects
@: lethally poisoned (-3 -> -4)
A: large, unfitting armour, claws 3, regeneration 1, shaggy fur 1, tough skin 1
a: no special abilities


You were on level 3 of the Dungeon.
You visited 1 branch of the dungeon, and saw 3 of its levels.

You collected 113 gold pieces.

Inventory:

Hand Weapons
 n - a +2 dagger of holy wrath (weapon)
 o - a +1 dagger of speed
 r - a +0 hand axe
Armour
 a - a +0 robe (worn)
 b - a +0 kite shield (worn)
Magical Staves
 p - a staff of earth
 s - a staff of fire
Jewellery
 l - a ring of protection from cold
Scrolls
 d - 3 scrolls of teleportation {unknown}
 e - a scroll of identify {unknown}
 f - a scroll of blinking {unknown}
 h - 2 scrolls of fear {unknown}
 i - a scroll of vulnerability {unknown}
 k - 2 scrolls of butterflies {unknown}
 t - a scroll of immolation {unknown}
Potions
 c - a potion of might
 g - 2 potions of curing {unknown}
 j - a potion of brilliance {unknown}
 m - a potion of attraction {unknown}


   Skills:
 + Level 2.8 Fighting
 * Level 1.0 Short Blades
 + Level 3.2 Dodging
 - Level 0.1 Stealth
 + Level 3.4 Shields
 - Level 2.7 Unarmed Combat


You had 3 spell levels left.
You didn't know any spells.
Your spell library was empty.

Dungeon Overview and Level Annotations

Branches:
Dungeon (3/15)

Altars:

Shops:
D:3 ::=


Innate Abilities, Weirdness & Mutations

You are too large for most types of armour.
You have claws for hands.
Your natural rate of healing is unusually fast.
You are covered in fur. (AC +1)
You have tough skin. (AC +1)


Message History

The scorpion stings you but does no damage.
You barely miss the scorpion.
The scorpion is severely wounded.
The scorpion stings you.
The scorpion stings you but does no damage.
You hit the scorpion but do no damage.
The scorpion is severely wounded.
The scorpion stings you.
You hit the scorpion.
The scorpion is severely wounded.
You block the scorpion's attack.
You closely miss the scorpion.
The scorpion is severely wounded.
The scorpion stings you.
You hit the scorpion.
The scorpion is almost dead.
The scorpion stings you. x2
You are poisoned.
The scorpion poisons you!
You hit the scorpion.
The scorpion is almost dead.
You feel very sick.
The scorpion stings you but does no damage.
You hit the scorpion.
The scorpion is almost dead.
You feel sick.
The scorpion stings you but does no damage.
You hit the scorpion but do no damage.
The scorpion is almost dead.
You feel sick. The scorpion completely misses you. The scorpion stings you.
* * * LOW HITPOINT WARNING * * *
You hit the scorpion but do no damage.
The scorpion is almost dead.
You feel sick. The scorpion stings you.
* * * LOW HITPOINT WARNING * * *
You hit the scorpion but do no damage.
The scorpion is almost dead.
You hear the quick rusting of a very distant drain.
You feel sick. The scorpion stings you.
You die...

.###.##.#...#######.#
......#.#..## #.#
.###..#....# #.# .#
#....#.## #.# .#
#....#.# ####.##### .#
#..#.#.######........#
.#
#..#.#.##<..#.##.#.###
##....#.#.####.#.##.#.#
..#..#.#......#@##.#.#
#.##..#.########s##.#.#
.. #..#.. .....#.#
##.####.# #.# #.# #.#
#.# ... #.# ### #.# #.#


You could see a scorpion.

Vanquished Creatures
  A hound (D:3)
  2 adders
  2 worms (D:2)
  A dart slug (D:1)
  4 ball pythons
  8 bats
  5 endoplasms
  9 goblins
  9 hobgoblins
  4 jackals (D:1)
  3 kobolds
  2 quokkas
  9 frilled lizards
  7 rats
66 creatures vanquished.

Notes
Turn   | Place    | Note
-------+----------+-------------------------------------------
     0 | D:1      | Cummy the Troll Fighter began the quest for the Orb.
     0 | D:1      | Reached XP level 1. HP: 22/22 MP: 0/0
    83 | D:1      | Reached XP level 2. HP: 27/29 MP: 1/1
   423 | D:1      | Reached XP level 3. HP: 36/36 MP: 2/2
   639 | D:1      | You fall into a shaft and drop 1 floor!
  1103 | D:2      | Reached XP level 4. HP: 36/44 MP: 3/3
  1837 | D:3      | Found Ewkyschupt's Book Emporium.
  1861 | D:3      | Found Uleqel's Book Boutique.
  1938 | D:3      | Found Edogamach's Jewellery Shoppe.
  1961 | D:3      | Reached skill level 1 in Short Blades
  2059 | D:3      | Noticed a scorpion
  2090 | D:3      | HP: 2/44 [scorpion (5)]
  2091 | D:3      | Slain by a scorpion

Illustrated notes

Levels and vault maps discovered:
D:1:      lightli_arrival_isolated_outpost, layout_loops_corners, st_stairs_1
D:2:      layout_loops_cross, patterned_corridor
D:3:      layout_basic, serial_shops, nicolae_shop_behind_doors,
          nicolae_shop_tiny_waterfront, nicolae_shop_tiny_waterfront,
          portal_sewer_entry_e

Skill      XL: |  1  2  3  4 |
---------------+-------------+-----
Shields        | 3 |  3.4
Dodging        | 3 |  3.2
Short Blades   | 1 |  1.0
Fighting       | |  2.8
Stealth        | |  0.1
Unarmed Combat | |  2.7

Action                     |  1- 3 |  4- 6 || total
---------------------------+-------+-------++-------
  Melee: Unarmed           |   144 |     2 ||   146
         Dagger            |       |   127 ||   127
  Evoke: Wand              |       |     3 ||     3
 Armour: Robe              |    51 |    31 ||    82
  Dodge: Dodged            |    57 |    51 ||   108
  Block: Kite shield       |    51 |    42 ||    93

Table legend: (Time is in decaauts)
 A = Elapsed time spent in this place.
 B = Non-inter-level travel time spent in this place.
 C = Inter-level travel time spent in this place.
 D = Time resting spent in this place.
 E = Time spent auto-exploring this place.
 F = Levels seen in this place.
 G = Mean time per level.
                   A        B        C        D        E       F      G
               +--------+--------+--------+--------+--------+-----+--------+
         Total |   2111 |   2111 |      0 |      5 |   1275 |   3 |  703.7 |
       Dungeon |   2111 |   2111 |      0 |      5 |   1275 |   3 |  703.7 |
               +--------+--------+--------+--------+--------+-----+--------+

Top non-repeatable levels by time:
     D:2: 910 daAuts
     D:1: 646 daAuts
     D:3: 554 daAuts
